 Dungeon Crawl Stone Soup version 0.22-a0-614-g34fbaa0 (webtiles) character file.

175962 Firecrotchwizard the Bludgeoner (level 17, -5/113 HPs)
             Began as a Gargoyle Berserker on July 12, 2018.
             Was a High Priest of Trog.
             Killed from afar by Mara (8 damage)
             ... with a bolt of fire
             ... on level 3 of the Spider Nest.
             The game lasted 01:07:34 (30749 turns).

Firecrotchwizard the Bludgeoner (GrBe)             Turns: 30749, Time: 01:07:35

Health: -5/113     AC: 49    Str: 29    XL:     17   Next: 82%
Magic:  1/5        EV: 12    Int: 14    God:    Trog [*****.]
Gold:   2470       SH:  0    Dex:  9    Spells: 16/16 levels left

rFire    + . .     SeeInvis +   V - +1 dire flail (antimagic)
rCold    . . .     Gourm    .   (shield currently unavailable)
rNeg     + + .     Faith    .   t - +3 plate armour {rF+}
rPois    ∞         Spirit   .   C - +2 helmet
rElec    +         Reflect  .   X - +2 cloak {MR+}
rCorr    .         Harm     .   Y - +2 pair of gloves
MR       ++...                  K - +2 pair of boots {run}
Stlth    ..........             Q - amulet of the acrobat
HPRegen  0.28/turn              a - ring of Righ {rN+ Str+3 Int+4 SInv}
MPRegen  0.09/turn              A - ring "Tur Quipyugg" {+Blink AC+2}

@: flying, quick
A: big wings, negative energy resistance 1, electricity resistance, unbreathing,
petrification resistance, rot immunity, AC +12
}: 1/15 runes: barnacled
a: Stop Flying, Berserk, Trog's Hand, Brothers in Arms, Renounce Religion, Evoke
Blink


You were on level 3 of the Spider Nest.
You worshipped Trog.
Trog was extremely pleased with you.
You were not hungry.

You visited 5 branches of the dungeon, and saw 29 of its levels.
You also visited: Labyrinth, Bailey and Volcano.

You collected 3023 gold pieces.
You spent 553 gold pieces at shops.

Inventory:

Hand Weapons
 b - a +5 great mace of crushing
   (Trog gifted it to you on level 1 of the Orcish Mines)
 l - a +3 great mace of draining
   (You took it off a vault guard on level 13 of the Dungeon)
 R - a +9 great mace of protection
   (Trog gifted it to you on level 2 of the Orcish Mines)
 V - a +1 antimagic dire flail (weapon)
   (Trog gifted it to you on level 13 of the Dungeon)
Missiles
 D - 6 tomahawks of dispersal {=f}
 S - 9 throwing nets {=f, !d}
Armour
 t - a +3 plate armour of fire resistance (worn)
   (You found it in a volcano)
 C - a +2 helmet (worn)
   (You found it on level 4 of the Lair of Beasts)
 K - a +2 pair of boots of running (worn)
   (You found it on level 5 of the Lair of Beasts)
 X - a +2 cloak of magic resistance (worn)
   (You took it off Nikola on level 1 of the Shoals)
 Y - a +2 pair of gloves (worn)
   (You took it off Nikola on level 1 of the Shoals)
Jewellery
 a - the ring of Righ (left hand) {rN+ Str+3 Int+4 SInv}
   (You found it on level 7 of the Dungeon)

   [ring of strength]

   It affects your strength (+3).
   It affects your intelligence (+4).
   It protects you from negative energy.
   It lets you see invisible.
 n - an uncursed ring of protection from fire {rF+, !d}
   (You found it on level 9 of the Dungeon)
 r - an uncursed ring of protection from magic {MR+, !d}
   (You found it on level 4 of the Dungeon)
 A - the ring "Tur Quipyugg" (right hand) {+Blink AC+2}
   (You found it on level 5 of the Dungeon)

   [ring of protection]

   It affects your AC (+2).
   It lets you blink.
 J - an uncursed ring of positive energy {rN+}
   (You found it in a labyrinth)
 Q - an amulet of the acrobat (around neck)
   (You found it on level 3 of the Spider Nest)
 U - an uncursed ring of resist corrosion
   (You found it on level 13 of the Dungeon)
Wands
 u - a wand of acid (16)
   (You found it on level 7 of the Dungeon)
 M - a wand of digging (21)
   (You found it on level 6 of the Lair of Beasts)
 N - a wand of iceblast (26)
   (You found it on level 13 of the Dungeon)
Scrolls
 e - 2 scrolls of teleportation
 i - 10 scrolls of remove curse
 j - 4 scrolls of magic mapping {!r}
 w - 7 scrolls of fear
 z - 2 scrolls of silence
 G - a scroll of identify
 I - a scroll of blinking {!r}
 L - 2 scrolls of fog
 T - a scroll of enchant armour
Potions
 g - 6 potions of berserk rage {!q}
 h - 5 potions of flight
 k - 16 potions of curing
 m - 4 potions of haste
 o - 4 potions of cancellation {unknown}
 q - 3 potions of agility
 s - 8 potions of brilliance
 v - 4 potions of invisibility
 x - 4 potions of magic
 B - 10 potions of mutation {!q}
 E - 3 potions of lignification {!q}
 H - 4 potions of might
 O - 3 potions of resistance
Miscellaneous
 y - a box of beasts
 F - a lamp of fire
   (You found it on level 3 of the Lair of Beasts)
 P - a phantom mirror
 W - a lightning rod (4/4)
   (You found it on level 13 of the Dungeon)
Comestibles
 c - 33 rations {@e1}


   Skills:
 + Level 15.5 Fighting
 - Level 20.0 Maces & Flails
 + Level 15.7 Armour
 - Level 10.1 Dodging


You had 16 spell levels left.
You didn't know any spells.
Your spell library was empty.

Dungeon Overview and Level Annotations

Branches:
Dungeon (14/15)            Temple (0/1) D:7            Lair (6/6) D:11
 Shoals (4/4) Lair:3       Spider (3/4) Lair:2        Slime (0/5) Lair:6
    Orc (2/2) D:9             Elf (0/3) Orc:2        Vaults (0/5) D:13

Altars:
Cheibriados
Elyvilon
Gozag
Hepliaklqana
Kikubaaqudgha
Nemelex Xobeh
Okawaru
Ru
Trog
Vehumet
Yredelemnul
Zin
The Shining One
Beogh

Shops:
D:6 [   D:7 *([   D:8 !   D:10 =   D:13 }!}?}   Orc:2 ![:}%

Annotations:
D:2 1 runed door
D:5 1 runed door, AtomicRavioli's ghost, novice NaWr
D:11 1 runed door
Lair:2 3 runed doors, Demiham's ghost, journeyman DrIE
Lair:6 exclusion: 2 oklob plants
Spider:3 Mara


Innate Abilities, Weirdness & Mutations

You are resistant to torment.
Your stone body is resilient. (AC +12)
You are immune to poison.
Your large and strong wings let you fly indefinitely.
You resist negative energy. (rN+)
You are resistant to electric shocks. (rElec)
You can survive without breathing.
You are immune to petrification.
You are immune to rotting.


Message History

You closely miss Mara. You thump Mara!
Mara's magic leaks into the air.
Mara hits you but does no damage.
Mara falters for a moment. x2
Firecrotchwizard's illusion hits you but does no damage.
You miss Mara.
Your extra speed is starting to run out.
You hit Mara.
Mara's magic leaks into the air.
Firecrotchwizard's illusion hits you but does no damage.
Mara gestures at you.
You easily resist.
You sock Mara!
Mara's magic leaks into the air.
Mara hits you with a demon blade of freezing.
Mara freezes you. Mara gestures at you. The bolt of fire hits you!
You take 4 damage, and have 71/113 hp.
You sock Mara!
Mara's magic leaks into the air.
Firecrotchwizard's illusion hits you but does no damage.
You puncture Mara!
Mara's magic leaks into the air.
Mara hits you with a demon blade of freezing!
Mara freezes you. Mara hits you but does no damage.
Mara blinks!
Firecrotchwizard's illusion hits you.
You feel your power leaking away.
You take 10 damage, and have 61/113 hp.
You now have 4/5 mp.
You hammer Mara like a gong!!!
You kill Mara!
Mara misses you.
You miss Mara. Firecrotchwizard's illusion hits you.
You feel your power leaking away.
You take 2 damage, and have 59/113 hp.
You now have 3/5 mp.
You puncture Mara!
Mara's magic leaks into the air.
You hit Mara.
Mara's magic leaks into the air.
Firecrotchwizard's illusion hits you but does no damage.
Mara blinks!
Mara hits you but does no damage.
You hit Mara but do no damage. Firecrotchwizard's illusion misses you.
You puncture Mara!
Mara's magic leaks into the air.
Mara calls, "Stop!
In seven days from now the wheel of empire will appear!"
You sock Mara!
Mara's magic leaks into the air.
Mara hits you but does no damage. Firecrotchwizard's illusion hits you.
You feel your power leaking away.
You take 6 damage, and have 54/113 hp.
You now have 2/5 mp.
You barely miss Mara.
You feel yourself slow down.
Firecrotchwizard's illusion is no longer moving quickly.
You puncture Mara!
Mara's magic leaks into the air.
Firecrotchwizard's illusion barely misses you.
Mara hits you but does no damage.
You sock Mara!
Mara's magic leaks into the air.
Firecrotchwizard's illusion hits you but does no damage.
Mara blinks!
You barely miss Mara.
Mara falters for a moment.
Your plate armour prevents you from hitting Mara.
Firecrotchwizard's illusion hits you but does no damage.
You hit Mara but do no damage.
Mara falters for a moment.
You stick Mara like a pincushion!!!
Mara's magic leaks into the air.
Firecrotchwizard's illusion barely misses you.
Firecrotchwizard's illusion hits you!
You feel your power leaking away. Mara closely misses you.
Mara falters for a moment.
You take 14 damage, and have 41/113 hp.
You now have 0/5 mp.
You puncture Mara!
Mara's magic leaks into the air.
Firecrotchwizard's illusion hits you!!
* * * LOW HITPOINT WARNING * * *
You take 21 damage, and have 20/113 hp.
You hit Mara but do no damage. Mara closely misses you.
Mara hits you but does no damage.
You hit Mara.
Mara's magic leaks into the air.
Firecrotchwizard's illusion hits you but does no damage.
You hit Mara but do no damage. Mara hits you but does no damage.
Mara falters for a moment.
You hit Mara but do no damage.
Firecrotchwizard's illusion hits you but does no damage.
Mara hits you but does no damage. x2
Your plate armour prevents you from hitting Mara.
Firecrotchwizard's illusion barely misses you.
You puncture Mara!
Mara's magic leaks into the air.
Mara hits you with a demon blade of freezing!
* * * LOW HITPOINT WARNING * * *
Mara freezes you.
* * * LOW HITPOINT WARNING * * *
Mara hits you with a demon blade of freezing!
* * * LOW HITPOINT WARNING * * *
Mara freezes you.
* * * LOW HITPOINT WARNING * * *
You miss Mara.
Firecrotchwizard's illusion hits you but does no damage.
You take 20 damage, and have 1/113 hp.
You barely miss Mara. Mara barely misses you. Mara hits you but does no damage.
You hit Mara but do no damage.
Firecrotchwizard's illusion hits you but does no damage.
You completely miss Mara. Mara hits you but does no damage. x2
Firecrotchwizard's illusion completely misses you.
You puncture Mara!
Mara's magic leaks into the air.
You hit Mara but do no damage. Mara hits you but does no damage. x2
Firecrotchwizard's illusion hits you but does no damage.
You hit Mara but do no damage. You miss Mara. Mara gestures at you.
The bolt of fire hits you! You resist.
You die...

### #.## ^## ...##### ##..... ≈≈#
###......## ......^###≈#
##.#.......###.
......#^.≈≈###.^........^...
.........≈.....#.<.........#
................R.......^...
.........#....#@@...........
....#.§........R...#.........#.
..##..§...^#..#................##
...........≈....................#
...^.......≈.#......#...........≈
%...........^..^...<.......#.....
...../.†.....^....^.........^....
...............#.[...............
#..>..^#..................^......


You could see 2 Maras and Firecrotchwizard's illusion.

Vanquished Creatures
  Nikola (Shoals:1)
  Gastronok (D:9)
  An orc warlord (Orc:2)
  2 emperor scorpions
  A ghost moth (Spider:1)
  3 entropy weavers
  A spark wasp (Spider:3)
  A minotaur (Lab)
  Snorg (Lair:6)
  An ettin (D:12)
  A merfolk javelineer (Shoals:4)
  6 merfolk impalers
  Erolcha (Orc:2)
  3 vault guards (D:13)
  4 hydras
  Harold (D:10)
  4 merfolk aquamancers
  5 satyrs
  A centaur warrior (D:13)
  An alligator snapping turtle (Shoals:4)
  Erica (D:9)
  4 two-headed ogres
  3 merfolk avatars
  An ogre mage (Orc:2)
  3 death yaks (Lair:4)
  A hell knight (Volcano)
  An orc high priest (Orc:1)
  Sonja (D:13)
  Nergalle (Orc:2)
  A salamander mystic (Volcano)
  2 unseen horrors
  A swamp dragon (Lair:5)
  3 wizards (D:13)
  12 sea snakes
  3 orc knights
  Pikel (D:5)
  2 necromancers (D:13)
  3 harpies (Shoals:3)
  10 wolf spiders
  A deep elf mage (D:10)
  15 fauns
  5 orb spiders
  16 manticores
  A salamander (shapeshifter) (D:13)
  4 ugly things
  8 orc sorcerers (Orc:2)
  12 elephants
  9 slime creatures
  4 cyclopes
  4 salamanders (Volcano)
  Maurice (D:10)
  4 black mambas
  9 merfolk sirens
  7 spiny frogs
  4 water nymphs
  A torpor snail (Spider:1)
  3 rime drakes (Lair:5)
  2 demonic crawlers
  3 komodo dragons
  A yaktaur (D:13)
  31 merfolk
  6 polar bears
  7 wind drakes
  7 trolls
  12 jumping spiders
  9 hornets
  A blink frog (shapeshifter) (D:13)
  11 dream sheep
  A meliai zombie (D:11)
  11 tarantellas
  4 hippogriffs
  15 blink frogs (Lair:6)
  11 snapping turtles
  A vampire (D:12)
  61 redbacks
  38 yaks
  3 wyverns
  12 spriggans
  14 water elementals
  16 humans
  A wraith (D:12)
  4 hogs (D:9)
  3 fire bats (Lair:1)
  5 hungry ghosts
  5 vampire mosquitoes
  2 basilisks (Lair:1)
  2 wargs
  3 swamp worms (Lair:5)
  2 acid dragons (D:13)
  6 water moccasins
  3 porcupines
  27 orc warriors
  3 black bears
  2 swamp drakes (Lair:5)
  5 sky beasts
  4 ice beasts
  12 ogres
  A necrophage (D:9)
  4 boggarts
  4 phantoms
  23 wolves
  11 crocodiles
  15 centaurs
  A big kobold (D:11)
  8 bullfrogs
  A wyvern zombie (D:13)
  A gnoll sergeant (D:9)
  A wyvern skeleton (D:8)
  2 scorpions
  3 killer bees (D:8)
  3 electric eels
  4 howler monkeys
  5 crimson imps
  6 hounds
  A quasit (D:13)
  6 bullfrog skeletons
  2 jellies
  30 orc wizards
  2 centaur skeletons
  16 orc priests
  8 iguanas
  10 worker ants
  A killer bee zombie (D:8)
  A hound zombie (D:5)
  A hound skeleton (D:4)
  A worker ant zombie (D:4)
  17 gnolls
  8 adders
  3 shadow imps
  2 oozes
  3 adder zombies
  2 adder skeletons
  2 worms
  2 dart slugs (D:1)
  7 leopard geckos
  85 orcs
  3 giant cockroaches
  11 goblins
  16 hobgoblins
  8 jackals
  4 quokkas
  A ball python (D:3)
  6 bats
  8 frilled lizards
  A jackal zombie (D:4)
  24 kobolds
  A leopard gecko zombie (D:7)
  10 rats
  2 plants
966 creatures vanquished.

Vanquished Creatures (others)
  An alligator (Lair:5)
  A redback (Spider:1)
  A slave (D:5)
  An orc wizard (D:5)
  A worker ant (D:5)
  An adder (D:5)
  2 orcs (D:5)
  A kobold (D:1)
  A quokka zombie (D:5)
  3 fungi
  17 plants
  32 tentacles
62 creatures vanquished.

Grand Total: 1028 creatures vanquished

Notes
Turn   | Place    | Note
-------+----------+-------------------------------------------
     0 | D:1      | Firecrotchwizard the Gargoyle Berserker began the quest for the Orb.
     0 | D:1      | Reached XP level 1. HP: 14/14 MP: 1/1
   310 | D:1      | Reached XP level 2. HP: 19/19 MP: 2/2
   730 | D:1      | Reached XP level 3. HP: 15/24 MP: 3/3
  1061 | D:2      | Reached skill level 4 in Maces & Flails
  1224 | D:2      | Found a runed door.
  1479 | D:2      | Reached ** piety under Trog
  1479 | D:2      | Reached skill level 4 in Fighting
  1502 | D:2      | Reached XP level 4. HP: 26/29 MP: 4/4
  2367 | D:3      | Reached XP level 5. HP: 34/34 MP: 5/5
  2453 | D:3      | Found a glowing silver altar of Zin.
  2533 | D:3      | Reached skill level 5 in Maces & Flails
  2757 | D:3      | Found a sparkling altar of Nemelex Xobeh.
  2997 | D:4      | Found a glowing golden altar of the Shining One.
  3024 | D:4      | Noticed a phantom
  3077 | D:4      | Killed a phantom
  3077 | D:4      | Reached XP level 6. HP: 28/40 MP: 6/6
  3173 | D:4      | Found the +9 heavy crossbow "Sniper" {velocity, Acc+∞ SInv}
  3220 | D:4      | Reached skill level 5 in Fighting
  3467 | D:4      | Reached skill level 6 in Maces & Flails
  3691 | D:4      | Noticed a phantom
  3731 | D:4      | Killed a phantom
  3731 | D:4      | Reached XP level 7. HP: 44/44 MP: 7/7
  3780 | D:4      | Reached skill level 7 in Maces & Flails
  3801 | D:4      | Reached *** piety under Trog
  3811 | D:4      | Reached skill level 6 in Fighting
  3942 | D:5      | Entered Level 5 of the Dungeon
  4201 | D:5      | Noticed Pikel
  4232 | D:5      | Killed Pikel
  4232 | D:5      | Reached skill level 7 in Fighting
  4232 | D:5      | Reached skill level 8 in Maces & Flails
  4232 | D:5      | Reached XP level 8. HP: 40/53 MP: 8/8
  4317 | D:5      | Found a sacrificial altar of Ru.
  4557 | D:5      | Found a runed door.
  4700 | D:5      | Got a shimmering brass ring
  4701 | D:5      | Identified the ring "Tur Quipyugg" {+Blink AC+2} (You found it on level 5 of the Dungeon)
  4825 | D:5      | Found a hazy altar of Hepliaklqana.
  4837 | D:5      | Reached skill level 9 in Maces & Flails
  5198 | D:5      | Noticed AtomicRavioli's ghost (novice NaWr)
  5324 | D:6      | Found a snail-covered altar of Cheibriados.
  5487 | D:6      | Found a basalt altar of Yredelemnul.
  5497 | D:6      | Reached XP level 9. HP: 45/59 MP: 9/9
  5739 | D:6      | Found Acotac's Armour Boutique.
  5918 | D:6      | Found an ancient bone altar of Kikubaaqudgha.
  5920 | D:6      | Reached skill level 8 in Fighting
  5954 | D:6      | Reached skill level 10 in Maces & Flails
  5958 | D:6      | Found a bloodstained altar of Trog.
  6027 | D:7      | Found Vayschat's Weapon Shop.
  6053 | D:7      | Reached **** piety under Trog
  6085 | D:7      | Identified a scroll of acquirement
  6171 | D:7      | Found Noteczorph's Armour Boutique.
  6183 | D:7      | Bought a +0 pair of boots for 63 gold pieces
  6191 | D:7      | Found a staircase to the Ecumenical Temple.
  6402 | D:7      | Found Pomihis's General Store.
  6651 | D:7      | Noticed a hornet
  6656 | D:7      | Killed a hornet
  6656 | D:7      | Reached skill level 9 in Fighting
  6656 | D:7      | Reached skill level 11 in Maces & Flails
  6704 | D:7      | Got a sparkling platinum ring
  6731 | D:7      | Found an iron altar of Okawaru.
  7035 | D:8      | Found an opulent altar of Gozag.
  7050 | D:8      | Reached XP level 10. HP: 66/66 MP: 10/10
  7391 | D:8      | Reached skill level 12 in Maces & Flails
  7688 | D:8      | Found Busair's Distillery.
  7918 | D:9      | Noticed a two-headed ogre
  7923 | D:9      | Killed a two-headed ogre
  7923 | D:9      | Reached skill level 10 in Fighting
  7996 | D:9      | Reached ***** piety under Trog
  8008 | D:9      | Noticed Erica
  8016 | D:9      | Killed Erica
  8219 | D:9      | Reached skill level 13 in Maces & Flails
  8256 | D:9      | Noticed Gastronok
  8276 | D:9      | Killed Gastronok
  8276 | D:9      | Reached skill level 11 in Fighting
  8276 | D:9      | Reached XP level 11. HP: 45/74 MP: 11/11
  8361 | D:9      | Identified the ring of Righ {rN+ Str+3 Int+4 SInv} (You found it on level 7 of the Dungeon)
  8612 | D:9      | Found a staircase to the Orcish Mines.
  8780 | D:10     | Entered Level 10 of the Dungeon
  8792 | D:10     | Noticed Harold
  8812 | D:10     | Killed Harold
  8812 | D:10     | Reached skill level 14 in Maces & Flails
  9043 | D:10     | Noticed a deep elf mage
  9063 | D:10     | Killed a deep elf mage
  9063 | D:10     | Reached skill level 12 in Fighting
  9156 | D:10     | Found Rowudirph's Jewellery Boutique.
  9285 | D:10     | Noticed Maurice
  9297 | D:10     | Killed Maurice
  9563 | D:11     | Found a staircase to the Lair.
  9588 | D:11     | Reached skill level 2 in Dodging
  9594 | D:11     | Reached skill level 3 in Armour
  9765 | D:11     | Received a gift from Trog
  9765 | D:11     | Reached skill level 4 in Armour
  9765 | D:11     | Reached skill level 3 in Dodging
  9925 | D:11     | Noticed a white ugly thing
  9939 | D:11     | Killed a white ugly thing
  9939 | D:11     | Reached XP level 12. HP: 76/82 MP: 12/12
 10157 | D:11     | Found a runed door.
 10157 | D:11     | Found a white marble altar of Elyvilon.
 10157 | D:11     | Noticed an angel
 10169 | D:11     | Noticed a two-headed ogre
 10176 | D:11     | Reached skill level 5 in Armour
 10185 | D:11     | Killed a two-headed ogre
 10185 | D:11     | Reached skill level 4 in Dodging
 10817 | Lair:1   | Entered Level 1 of the Lair of Beasts
 10914 | Lair:1   | Reached skill level 6 in Armour
 11461 | Lair:1   | Received a gift from Trog
 11461 | Lair:1   | Reached skill level 5 in Dodging
 11469 | Lair:1   | Found a dark tunnel.
 11492 | Volcano  | Entered a volcano
 11531 | Volcano  | Reached skill level 7 in Armour
 11632 | Volcano  | Noticed a hell knight
 11647 | Volcano  | Killed a hell knight
 11728 | Lair:1   | Reached skill level 6 in Dodging
 11799 | Lair:1   | Reached skill level 8 in Armour
 11996 | Lair:2   | Found a runed gate.
 11996 | Lair:2   | Found a runed gate.
 11998 | Lair:2   | Found a runed gate.
 11998 | Lair:2   | Noticed a seven-headed hydra
 11998 | Lair:2   | Noticed Demiham's ghost (journeyman DrIE)
 12167 | Lair:2   | Found a labyrinth entrance.
 12179 | Lab      | Entered a labyrinth
 12271 | Lab      | Noticed a minotaur
 12280 | Lab      | Killed a minotaur
 12280 | Lab      | Reached skill level 9 in Armour
 12293 | Lab      | Identified the Grimoire of Execration
 12410 | Lair:2   | Found a hole to the Spider Nest.
 12415 | Lair:2   | Reached skill level 7 in Dodging
 12620 | Lair:3   | Reached XP level 13. HP: 87/87 MP: 13/13
 12729 | Lair:3   | Found a staircase to the Shoals.
 13357 | Lair:4   | Reached skill level 10 in Armour
 13458 | Lair:4   | Reached skill level 8 in Dodging
 14126 | Lair:5   | Reached skill level 11 in Armour
 14195 | Lair:5   | Identified a +1 pair of boots of running (You found it on level 5 of the Lair of Beasts)
 14624 | Lair:5   | Reached skill level 9 in Dodging
 14959 | Lair:6   | Entered Level 6 of the Lair of Beasts
 15034 | Lair:6   | Reached skill level 12 in Armour
 15281 | Lair:6   | Gained mutation: Your large and strong wings let you fly indefinitely. [Gargoyle growth]
 15281 | Lair:6   | Reached XP level 14. HP: 85/92 MP: 14/14
 15728 | Lair:6   | Reached ****** piety under Trog
 15779 | Lair:6   | Reached skill level 10 in Dodging
 15966 | Lair:6   | Found a staircase to the Slime Pits.
 16066 | Lair:6   | Noticed Snorg
 16080 | Lair:6   | Killed Snorg
 16201 | Lair:6   | Received a gift from Trog
 16220 | Lair:6   | Reached skill level 13 in Armour
 16558 | Lair:6   | Reached skill level 13 in Fighting
 18475 | D:13     | Found Weud's Magic Scroll Shoppe.
 18499 | D:13     | Bought a scroll of enchant armour for 105 gold pieces
 18499 | D:13     | Bought a scroll of enchant weapon for 105 gold pieces
 18499 | D:13     | Bought a scroll of brand weapon for 280 gold pieces
 18572 | D:13     | Reached skill level 14 in Armour
 18596 | D:13     | Received a gift from Trog
 18690 | D:13     | Found a flagged portal.
 18699 | Bailey   | Entered a bailey
 18954 | D:13     | Noticed Sonja
 18958 | D:13     | Killed Sonja
 18958 | D:13     | Reached skill level 14 in Fighting
 18959 | D:13     | Found Lusepum's Distillery.
 19022 | D:13     | Reached XP level 15. HP: 79/100 MP: 15/15
 19192 | D:13     | Found Daupec's Gadget Shoppe.
 19495 | D:13     | Received a gift from Trog
 19791 | D:13     | Found a gate to the Vaults.
 20094 | D:13     | Found Romaat's Gadget Boutique.
 20160 | D:13     | Found Urizyfer's Gadget Emporium.
 20252 | D:14     | Got a crude demon whip
 20253 | D:14     | Identified the +4 demon whip of Causality {protect, *Drain rC+ rN+ Dex+2 SInv} (You acquired it on level 14 of the Dungeon)
 20379 | Orc:1    | Entered Level 1 of the Orcish Mines
 20543 | Orc:1    | HP: 23/101 [orc/mace (5)]
 21203 | Orc:1    | Received a gift from Trog
 21325 | Orc:2    | Entered Level 2 of the Orcish Mines
 21325 | Orc:2    | Found a staircase to the Elven Halls.
 21501 | Orc:2    | Found Cutaoruc's Food Shoppe.
 21636 | Orc:2    | Noticed an orc warlord
 21647 | Orc:2    | Killed an orc warlord
 21742 | Orc:2    | Found a roughly hewn altar of Beogh.
 21976 | Orc:2    | Reached skill level 15 in Maces & Flails
 22035 | Orc:2    | Found Cuarumn's Distillery.
 22063 | Orc:2    | Found an ancient bone altar of Kikubaaqudgha.
 22063 | Orc:2    | Noticed Nergalle
 22075 | Orc:2    | Killed Nergalle
 22123 | Orc:2    | Noticed Erolcha
 22124 | Orc:2    | Found a radiant altar of Vehumet.
 22125 | Orc:2    | Paralysed by Erolcha for 3 turns
 22142 | Orc:2    | Killed Erolcha
 22284 | Orc:2    | Found a roughly hewn altar of Beogh.
 22284 | Orc:2    | Found Reyt's Antique Armour Shoppe.
 22306 | Orc:2    | Received a gift from Trog
 22317 | Orc:2    | Found Rainenent's Gadget Emporium.
 22358 | Orc:2    | Found Jugganeo's Book Emporium.
 22694 | Shoals:1 | Entered Level 1 of the Shoals
 22699 | Shoals:1 | Noticed a kraken
 23017 | Shoals:1 | Reached skill level 16 in Maces & Flails
 23258 | Shoals:1 | Noticed Nikola
 23270 | Shoals:1 | Killed Nikola
 23270 | Shoals:1 | Reached XP level 16. HP: 87/107 MP: 16/16
 23679 | Shoals:2 | Noticed a kraken
 24073 | Shoals:2 | Reached skill level 17 in Maces & Flails
 24305 | Shoals:2 | Received a gift from Trog
 24336 | Shoals:2 | HP: 26/107 [faun/spear of piercing[a satyr] (5)]
 24342 | Shoals:2 | HP: 18/107 [faun/spear[a satyr] (10)]
 25500 | Shoals:3 | Reached skill level 18 in Maces & Flails
 26117 | Shoals:4 | Entered Level 4 of the Shoals
 26125 | Shoals:4 | Received a gift from Trog
 26150 | Shoals:4 | HP: 25/107 [satyr/arrow (6)]
 26155 | Shoals:4 | HP: 21/107 [merfolk/trident (5)]
 26675 | Shoals:4 | Noticed a kraken
 26712 | Shoals:4 | Reached skill level 19 in Maces & Flails
 26769 | Shoals:4 | Reached XP level 17. HP: 111/112 MP: 17/17
 26790 | Shoals:4 | Received a gift from Trog
 26863 | Shoals:4 | Got a pitted cloak
 27128 | Shoals:4 | HP: 20/112 [merfolk impaler/trident of flaming (10)]
 27143 | Shoals:4 | HP: 24/112 [merfolk/trident (3)]
 27163 | Shoals:4 | Got a barnacled rune of Zot
 27849 | Spider:1 | Entered Level 1 of the Spider Nest
 28274 | Spider:1 | Reached skill level 20 in Maces & Flails
 28296 | Spider:1 | Reached skill level 15 in Armour
 28387 | Spider:1 | Received a gift from Trog
 28388 | Spider:1 | Got a bloodstained hunting sling {god gift}
 28706 | Spider:1 | Reached skill level 15 in Fighting
 28848 | Spider:2 | Identified the cursed +0 cloak of Jaisale {rF+ rCorr} (You found it on level 4 of the Shoals)
 29897 | Spider:3 | Got a bound copper ring
 29926 | Spider:3 | Identified the ring "Sacvolid" {rPois rN+} (You found it on level 3 of the Spider Nest)
 30378 | Spider:3 | Noticed Mara
 30384 | Spider:3 | Noticed Firecrotchwizard's illusion
 30403 | Spider:3 | HP: 20/113 [Firecrotchwizard's illusion[Mara] (20)]
 30408 | Spider:3 | HP: 17/113 [Mara (illusionary)/bolt of fire (7)]
 30413 | Spider:3 | HP: 5/113 [Firecrotchwizard's illusion[Mara] (9)]
 30706 | Spider:3 | Noticed Firecrotchwizard's illusion
 30735 | Spider:3 | HP: 20/113 [Firecrotchwizard's illusion[Mara] (21)]
 30741 | Spider:3 | HP: 12/113 [Mara/demon blade of freezing (9)]
 30741 | Spider:3 | HP: 3/113 [Mara (illusionary)/demon blade of freezing (7)]
 30741 | Spider:3 | HP: 1/113 [Mara (illusionary)/demon blade of freezing (2)]
 30749 | Spider:3 | Killed from afar by Mara

Vault maps used:
D:1:      lightli_arrival_maybe_door_vault, minivault_4
D:2:      first_ration, uniq_crazy_yiuf_cottage
D:3:      zin_treasury, nemelex_altar_shiori
D:4:      nicolae_overflow_crystal_walls, serial_undead, serial_undead_b,
          serial_undead_d, serial_undead_a, serial_undead_f
D:5:      old_standard_altar, nicolae_ru_awakened_eye,
          ebering_ghost_reflecting_pool, uniq_pikel
D:6:      lemuel_round_altar, marbit_many_paths, kiku_gazebo_pond_becter,
          lemuel_round_altar, serial_shops, shop
D:7:      minmay_temple_entry_statues_pillars, serial_shops,
          nicolae_shop_waterfront, nicolae_shop_stone, shop,
          okawaru_metal_pillars_1_2
D:8:      lemuel_round_altar, serial_shops, nicolae_shop_behind_doors
D:9:      orc_0_dummy, grunt_livestock, corner_web_ring,
          kennysheep_generic_room_7, uniq_gastronok, uniq_erica
D:10:     serial_shops, shop, uniq_harold, uniq_maurice
D:11:     lair_entry_dummy, lemuel_angel_altar
D:12:     kennysheep_just_a_vault
D:13:     grunt_vaults_entry_tiered, enter_bailey_2, serial_shops, shop,
          shop_fountains, shop_scrolls,
          nicolae_shop_temple_entry_statues_fountains, shop, uniq_sonja
D:14:     serial_shops, kennysheep_mini_moat, moated_statue
Lair:1:   nicolae_volcano_entry_batcave
Lair:2:   spider_nest_entry_rubble, lab_entry_generic, gammafunk_ghost_split,
          lemuel_fruit_tree
Lair:3:   elwin_shoals_entry_rocks, serial_bayou_crossing
Lair:4:   grunt_megastairs_1
Lair:5:   onia_ninara_swampy_vault, st_stairs_8, kennysheep_catoblepas_arena,
          serial_bayou_shore_a
Lair:6:   minmay_lair_end_enchanted_forest, minmay_slime_entry_oklob_open,
          uniq_snorg
Shoals:1: uniq_nikola
Shoals:2: nicolae_shoals_island_circles
Shoals:4: shoals_end_simple
Spider:3: ebering_ghost_rock_garden, uniq_mara
Orc:1:    cheibrodos_orc_arena
Orc:2:    kennysheep_orc_mage_school, basic_altar, serial_shops,
          nicolae_shop_stone
Lab:      nicolae_lab_dead_adventurers, nicolae_lab_grate, labyrinth_glass_1,
          lab_hedge, labyrinth_skeletal_remains, nicolae_lab_very_dead_end,
          nicolae_lab_swirl, labyrinth_fake_exit, nicolae_lab_flowing_pool,
          lab_fountain
Bailey:   bailey_axe_2, bailey
Volcano:  volcano_pools

Skill      XL: |  1  2  3  4  5  6  7  8  9 10 11 12 13 14 15 16 17 |
---------------+----------------------------------------------------+-----
Maces & Flails | 4 5 6 8 9 11 13 14 16 19 20 | 20.0
Fighting       | 4 5 7 9 11 12 14 15 | 15.5
Dodging        | 3 7 9 10 | 10.1
Armour         | 4 9 12 14 15 | 15.7

Action                   |  1- 3 |  4- 6 |  7- 9 | 10-12 | 13-15 | 16-18 || total
-------------------------+-------+-------+-------+-------+-------+-------++-------
Melee: Mace              |   116 |   221 |       |       |       |       ||   337
       Morningstar       |       |    29 |   135 |       |       |       ||   164
       Dire flail        |       |       |   178 |   647 |  1329 |    54 ||  2208
       Great mace        |       |       |       |       |   414 |   849 ||  1263
       Demon whip        |       |       |       |       |    30 |       ||    30
Invok: Berserk           |     2 |       |       |     1 |     3 |     1 ||     7
       Trog's Hand       |       |     1 |     1 |     5 |     2 |     5 ||    14
       Brothers in Arms  |       |       |       |       |       |     1 ||     1
 Abil: Fly               |       |       |       |       |     1 |       ||     1
Evoke: Wand              |       |       |       |     2 |     8 |     1 ||    11
  Use: Scroll            |       |       |    10 |     8 |    17 |    11 ||    46
       Potion            |       |       |       |       |     1 |     7 ||     8
  Eat: Chunk             |     3 |     8 |     8 |    18 |    35 |    15 ||    87
       Ration            |       |       |     2 |     3 |     1 |     4 ||    10
Armor: Animal skin       |    25 |       |       |       |       |       ||    25
       Scale mail        |    23 |    96 |       |       |       |       ||   119
       Chain mail        |       |    46 |   179 |   259 |       |       ||   484
       Plate armour      |       |       |       |   110 |  1425 |  1155 ||  2690
Dodge: Dodged            |    76 |   143 |   107 |   218 |  1130 |   733 ||  2407

Table legend:
 A = Spawn XP
 B = Non-spawn XP
 C = Spawn XP percentage of total XP
 D = Spawn monster count
 E = Non-spawn monster count
 F = Spawn count percentage of total count
 G = Total turns spent on level
                    A         B        C        D         E        F      G
               +---------+---------+-------+---------+---------+-------+---------
         Total |       0 |  232804 |   0.0 |       0 |     965 |   0.0 | 30749
               +---------+---------+-------+---------+---------+-------+---------
           D:1 |       0 |      47 |   0.0 |       0 |      28 |   0.0 |  1039
           D:2 |       0 |      42 |   0.0 |       0 |      14 |   0.0 |   813
           D:3 |       0 |     109 |   0.0 |       0 |      31 |   0.0 |  1082
           D:4 |       0 |     805 |   0.0 |       0 |      28 |   0.0 |  1008
           D:5 |       0 |     962 |   0.0 |       0 |      15 |   0.0 |  1304
           D:6 |       0 |     888 |   0.0 |       0 |      19 |   0.0 |   820
           D:7 |       0 |    1757 |   0.0 |       0 |      27 |   0.0 |   950
           D:8 |       0 |    1347 |   0.0 |       0 |      29 |   0.0 |   896
           D:9 |       0 |    5864 |   0.0 |       0 |      26 |   0.0 |   914
          D:10 |       0 |    3800 |   0.0 |       0 |      17 |   0.0 |   752
          D:11 |       0 |    5695 |   0.0 |       0 |      39 |   0.0 |  1368
          D:12 |       0 |    6676 |   0.0 |       0 |      26 |   0.0 |  1097
          D:13 |       0 |   19525 |   0.0 |       0 |      69 |   0.0 |  1651
        Lair:1 |       0 |    2592 |   0.0 |       0 |      11 |   0.0 |   950
        Lair:2 |       0 |    4332 |   0.0 |       0 |      21 |   0.0 |   912
        Lair:3 |       0 |    2573 |   0.0 |       0 |      15 |   0.0 |   736
        Lair:4 |       0 |    6008 |   0.0 |       0 |      19 |   0.0 |   692
        Lair:5 |       0 |   12098 |   0.0 |       0 |      34 |   0.0 |  1350
        Lair:6 |       0 |   19074 |   0.0 |       0 |      74 |   0.0 |  1876
      Shoals:1 |       0 |   14904 |   0.0 |       0 |      31 |   0.0 |  1264
      Shoals:2 |       0 |   16863 |   0.0 |       0 |      34 |   0.0 |  1425
      Shoals:3 |       0 |   14789 |   0.0 |       0 |      30 |   0.0 |  1106
      Shoals:4 |       0 |   29229 |   0.0 |       0 |      60 |   0.0 |  1324
      Spider:1 |       0 |   22355 |   0.0 |       0 |      62 |   0.0 |   630
      Spider:2 |       0 |    5600 |   0.0 |       0 |      15 |   0.0 |  1505
      Spider:3 |       0 |   10376 |   0.0 |       0 |      26 |   0.0 |   485
         Orc:1 |       0 |    4512 |   0.0 |       0 |      50 |   0.0 |   966
         Orc:2 |       0 |   14417 |   0.0 |       0 |      72 |   0.0 |  1207
           Lab |       0 |    1569 |   0.0 |       0 |       3 |   0.0 |   129
        Bailey |       0 |     358 |   0.0 |       0 |      34 |   0.0 |   251
       Volcano |       0 |    3638 |   0.0 |       0 |       6 |   0.0 |   232
               +---------+---------+-------+---------+---------+-------+---------

Vault maps used:
D:1:      lightli_arrival_maybe_door_vault, minivault_4
D:2:      first_ration, uniq_crazy_yiuf_cottage
D:3:      zin_treasury, nemelex_altar_shiori
D:4:      nicolae_overflow_crystal_walls, serial_undead, serial_undead_b,
          serial_undead_d, serial_undead_a, serial_undead_f
D:5:      old_standard_altar, nicolae_ru_awakened_eye,
          ebering_ghost_reflecting_pool, uniq_pikel
D:6:      lemuel_round_altar, marbit_many_paths, kiku_gazebo_pond_becter,
          lemuel_round_altar, serial_shops, shop
D:7:      minmay_temple_entry_statues_pillars, serial_shops,
          nicolae_shop_waterfront, nicolae_shop_stone, shop,
          okawaru_metal_pillars_1_2
D:8:      lemuel_round_altar, serial_shops, nicolae_shop_behind_doors
D:9:      orc_0_dummy, grunt_livestock, corner_web_ring,
          kennysheep_generic_room_7, uniq_gastronok, uniq_erica
D:10:     serial_shops, shop, uniq_harold, uniq_maurice
D:11:     lair_entry_dummy, lemuel_angel_altar
D:12:     kennysheep_just_a_vault
D:13:     grunt_vaults_entry_tiered, enter_bailey_2, serial_shops, shop,
          shop_fountains, shop_scrolls,
          nicolae_shop_temple_entry_statues_fountains, shop, uniq_sonja
D:14:     serial_shops, kennysheep_mini_moat, moated_statue
Lair:1:   nicolae_volcano_entry_batcave
Lair:2:   spider_nest_entry_rubble, lab_entry_generic, gammafunk_ghost_split,
          lemuel_fruit_tree
Lair:3:   elwin_shoals_entry_rocks, serial_bayou_crossing
Lair:4:   grunt_megastairs_1
Lair:5:   onia_ninara_swampy_vault, st_stairs_8, kennysheep_catoblepas_arena,
          serial_bayou_shore_a
Lair:6:   minmay_lair_end_enchanted_forest, minmay_slime_entry_oklob_open,
          uniq_snorg
Shoals:1: uniq_nikola
Shoals:2: nicolae_shoals_island_circles
Shoals:4: shoals_end_simple
Spider:3: ebering_ghost_rock_garden, uniq_mara
Orc:1:    cheibrodos_orc_arena
Orc:2:    kennysheep_orc_mage_school, basic_altar, serial_shops,
          nicolae_shop_stone
Lab:      nicolae_lab_dead_adventurers, nicolae_lab_grate, labyrinth_glass_1,
          lab_hedge, labyrinth_skeletal_remains, nicolae_lab_very_dead_end,
          nicolae_lab_swirl, labyrinth_fake_exit, nicolae_lab_flowing_pool,
          lab_fountain
Bailey:   bailey_axe_2, bailey
Volcano:  volcano_pools

Table legend:
 A = Turns spent in this place as a percentage of turns spent in the entire game.
 B = Non-inter-level travel turns spent in this place as a percentage of non-inter-level travel turns spent in the entire game.
 C = Inter-level travel turns spent in this place as a percentage of turns spent in this place.
 D = Turns resting spent in this place as a percentage of non-inter-level travel turns spent in this place.
 E = Turns spent auto-exploring this place as a percentage of non-inter-level travel turns spent in this place.
 F = Non-inter-level travel turns spent in this place divided by the number of levels of this place that you've seen.
                   A       B       C       D       E      F
               +-------+-------+-------+-------+-------+----------------------
         Total | 100.0 | 100.0 |   4.3 |  25.2 |  48.9 | 919.8
       Dungeon |  44.6 |  44.4 |   4.7 |  23.5 |  54.4 | 932.8
          Lair |  21.2 |  20.9 |   5.6 |  18.3 |  54.7 | 1025.5
        Shoals |  16.6 |  16.8 |   3.1 |  39.8 |  31.0 | 1239.5
   Spider Nest |   8.5 |   8.7 |   1.9 |  29.6 |  45.3 | 856.3
  Orcish Mines |   7.1 |   7.1 |   4.1 |  21.3 |  50.1 | 1042.0
     Labyrinth |   0.4 |   0.4 |   0.0 |   3.9 |   0.0 | 129.0
        Bailey |   0.8 |   0.9 |   0.0 |   0.0 |  42.2 | 251.0
       Volcano |   0.8 |   0.8 |   0.0 |   7.8 |  34.1 | 232.0
               +-------+-------+-------+-------+-------+----------------------

Table legend:
 A = Kills in this place as a percentage of kills in entire the game.
 B = Kills by you in this place as a percentage of kills by you in the entire game.
 C = Kills by friends in this place as a percentage of kills by friends in the entire game.
 D = Other kills in this place as a percentage of other kills in the entire game.
 E = Experience gained in this place as a percentage of experience gained in the entire game.
 F = Experience gained in this place divided by the number of levels of this place that you have seen.
                   A       B       C       D       E      F
               +-------+-------+-------+-------+-------+----------------------
         Total | 100.0 | 100.0 |   N/A | 100.0 | 100.0 | 7275.1
       Dungeon |  38.1 |  38.2 |   N/A |   0.0 |  20.4 | 3394.1
          Lair |  18.0 |  17.9 |   N/A | 100.0 |  20.0 | 7779.5
        Shoals |  16.1 |  16.1 |   N/A |   0.0 |  32.6 | 18946.2
   Spider Nest |  10.7 |  10.7 |   N/A |   0.0 |  16.5 | 12777.0
  Orcish Mines |  12.6 |  12.7 |   N/A |   0.0 |   8.1 | 9464.5
     Labyrinth |   0.3 |   0.3 |   N/A |   0.0 |   0.7 | 1569.0
        Bailey |   3.5 |   3.5 |   N/A |   0.0 |   0.2 | 358.0
       Volcano |   0.6 |   0.6 |   N/A |   0.0 |   1.6 | 3638.0
               +-------+-------+-------+-------+-------+----------------------
